 Dungeon Crawl Stone Soup version 0.30-a0-457-g4b7bca3bfa (webtiles) character file.

Game seed: 17511233070265499771

843 jlumianski the Chopper (level 7, -9/48 (54) HPs)
             Began as a Demonspawn Fighter on Dec 13, 2022.
             Mangled by an orc wizard
             ... wielding a +2 hand axe of electrocution
              (10 damage)
             ... on level 4 of the Dungeon.
             The game lasted 00:26:20 (4935 turns).

jlumianski the Chopper (Demonspawn Fighter)         Turns: 4935, Time: 00:26:21

HP:   -9/48 (54)    AC: 21    Str: 18    XL:     7   Next: 68%
MP:   7/7           EV:  7    Int:  9    God:
Gold: 138           SH:  6    Dex: 13    Spells: 6/6 levels left

rFire   . . .      SeeInvis .    a - +0 war axe
rCold   + . .      Faith    .    c - +1 buckler
rNeg    . . .      Spirit   .    u - +0 chain mail
rPois   .          Reflect  .    (no helmet)
rElec   .          Harm     .    x - +2 cloak
rCorr   .          Rampage  .    (no gloves)
Will    .....                    (no boots)
Stlth   ..........               m - amulet of the acrobat
HPRegen 0.28/turn                A - ring of protection from cold
MPRegen 0.10/turn                (no ring)

@: sanguine armoured, heavily drained
A: powered by pain 1, sanguine armour 2
a: no special abilities


You were on level 4 of the Dungeon.
You visited 2 branches of the dungeon, and saw 7 of its levels.

You collected 192 gold pieces.
You spent 54 gold pieces at shops.

Inventory:

Hand Weapons
 a - a +0 war axe (weapon)
 e - a +5 whip
 i - a +3 dagger of speed
 q - a +1 falchion of flaming
 v - a +0 dagger of draining
Missiles
 f - 44 stones (quivered)
Armour
 b - a +0 scale mail
 c - a +1 buckler (worn)
 u - a +0 chain mail (worn)
 x - a +2 cloak (worn)
Magical Staves
 o - a staff of poison
Jewellery
 m - an amulet of the acrobat (around neck)
 A - a ring of protection from cold (left hand)
Wands
 d - a wand of polymorph (9)
 j - a wand of flame (39)
 z - a wand of iceblast (1)
Scrolls
 l - a scroll of fog {unknown}
 t - a scroll of blinking {unknown}
 w - a scroll of poison {unknown}
 y - a scroll of immolation {unknown}
Potions
 g - a potion of invisibility
 h - a potion of magic
 k - 2 potions of curing
 n - a potion of degeneration {unknown}
 p - a potion of lignification
 r - a potion of mutation {unknown}
 s - a potion of berserk rage {unknown}


   Skills:
 + Level 4.3 Fighting
 + Level 5.5 Axes
 + Level 0.1 Throwing
 + Level 4.7 Armour
 + Level 0.9 Dodging
 + Level 4.0 Shields


You had 6 spell levels left.
You didn't know any spells.
Your spell library was empty.

Dungeon Overview and Level Annotations

Branches:
Dungeon (6/15)             Temple (1/1) D:4

Altars:
Fedhas
Gozag
Kikubaaqudgha
Makhleb
Nemelex Xobeh
Sif Muna
Trog
Uskayaw
Vehumet
Wu Jian
Xom

Shops:
D:2 *   D:5 [

Annotations:
D:5 1 runed translucent door, Dowan, Duvessa


Innate Abilities, Weirdness & Mutations

You sometimes gain a little power by taking damage.
When seriously injured, your blood forms thick armour. (AC +9)


Message History

Dowan casts a spell at you. You resist with some effort.
Dowan mumbles some strange words.
Dowan blinks!
Duvessa says, "When magic and the sword combine, nothing stands against them."
A scorpion comes into view.
Duvessa attacks as you move away! You block Duvessa's attack.
The orc wizard closely misses you.
The orc wizard attacks as you move away!
You block the orc wizard's attack.
There is a stone staircase leading up here.
Duvessa hits you with a +1 short sword of electrocution.
The orc wizard closely misses you.
You climb upwards.
There is a stone staircase leading down here.
You hit the orc wizard but do no damage.
The orc wizard hits you with a +2 hand axe of electrocution.
You hit the orc wizard.
The orc wizard is moderately wounded.
The orc wizard barely misses you.
You hit the orc wizard but do no damage.
The orc wizard is moderately wounded.
The orc wizard mumbles some strange words.
The orc wizard flickers and vanishes!
Deactivating autopickup; reactivate with Ctrl-A.
You hit something but do no damage. Something hits you but does no damage.
You are electrocuted!!
Your blood congeals into armour.
You hear some strange, mumbled words.
A puff of flame appears from out of thin air!
The puff of flame hits you.
You closely miss something. Something hits you but does no damage.
You barely miss something. Something hits you but does no damage.
You are electrocuted!
* * * LOW HITPOINT WARNING * * *
You barely miss something. Something hits you.
* * * LOW HITPOINT WARNING * * *
You hit something. Something hits you.
* * * LOW HITPOINT WARNING * * *
You are electrocuted!
You die...

####.# #.# #.# ####### #.#
#..)>)######### #.#
####.[........# #.#
#..#.###################.#
#......#รท..#..............
#..#.###.@.#..##########.#
#..#...#..{#### #....
#..###.#.#.# #.... #..#
#.#..[# #.... #..###.#.>.#
#.... #......#...#
#####.... #.############
#.......# #.##.........#
#.......# ##'##.#####...#
#........


There were no monsters in sight!

Vanquished Creatures
  Grinder (D:4)
  Eustachio (D:4)
  A scorpion (D:4)
  An orc priest (D:3)
  2 hounds
  Ijyb (D:3)
  2 iguanas
  Natasha (thrice) (D:2)
  2 orc wizards
  4 adders
  A shadow imp (D:5)
  3 worms
  4 dart slugs
  15 orcs
  3 ball pythons
  2 giant cockroaches
  9 goblins
  5 hobgoblins
  4 jackals (D:4)
  9 kobolds
  3 quokkas
  5 bats
  5 frilled lizards
  7 rats
93 creatures vanquished.

Notes
Turn   | Place    | Note
-------+----------+-------------------------------------------
     0 | D:1      | jlumianski the Demonspawn Fighter began the quest for the
                  | Orb.
     0 | D:1      | Reached XP level 1. HP: 18/18 MP: 1/1
   105 | D:1      | Gained mutation: When seriously injured, your blood forms
                  | armour. (AC +9) [demonic ancestry]
   105 | D:1      | Reached XP level 2. HP: 24/24 MP: 2/2
   308 | D:2      | Found Qutuf's Assorted Antiques.
   320 | D:1      | Reached skill level 2 in Axes
   721 | D:1      | Gained mutation: You sometimes gain a little power by
                  | taking damage. [demonic ancestry]
   721 | D:1      | Reached XP level 3. HP: 28/29 MP: 3/3
  1380 | D:2      | Reached XP level 4. HP: 35/35 MP: 4/4
  1447 | D:2      | Noticed Natasha
  1462 | D:2      | Killed Natasha
  1736 | D:3      | Noticed Ijyb
  1745 | D:3      | Reached skill level 3 in Axes
  1753 | D:3      | Killed Ijyb
  1859 | D:2      | Noticed Natasha
  1871 | D:2      | Killed Natasha
  1872 | D:2      | Reached XP level 5. HP: 27/41 MP: 5/5
  1885 | D:2      | Noticed Natasha
  1898 | D:2      | Killed Natasha
  2786 | D:3      | Noticed an angel
  2889 | D:3      | Gained mutation: When seriously injured, your blood forms
                  | thick armour. (AC +9) [demonic ancestry]
  2889 | D:3      | Reached XP level 6. HP: 35/47 MP: 6/6
  3119 | D:5      | Entered Level 5 of the Dungeon
  3163 | D:4      | Noticed Grinder
  3163 | D:4      | Paralysed by Grinder for 3 turns
  3169 | D:4      | Paralysed by Grinder for 4 turns
  3183 | D:4      | Paralysed by Grinder for 3 turns
  3189 | D:4      | Paralysed by Grinder for 5 turns
  3194 | D:4      | HP: 1/47 [Grinder (3)]
  3197 | D:4      | Paralysed by Grinder for 4 turns
  3201 | D:4      | Killed Grinder
  3202 | D:4      | Reached skill level 4 in Axes
  3432 | D:4      | Reached XP level 7. HP: 39/53 MP: 7/7
  3579 | D:4      | Found a burning altar of Makhleb.
  3699 | D:4      | Found a staircase to the Ecumenical Temple.
  3764 | D:5      | Found a sparkling altar of Nemelex Xobeh.
  4435 | D:5      | Found Erept's Armour Emporium.
  4441 | D:5      | Bought a +0 cloak for 54 gold pieces
  4507 | D:5      | Reached skill level 5 in Axes
  4522 | D:5      | Noticed Eustachio
  4550 | Temple   | Entered the Ecumenical Temple
  4845 | D:4      | Killed Eustachio
  4914 | D:5      | Found a runed translucent door.
  4916 | D:5      | Noticed Duvessa
  4916 | D:5      | Noticed Dowan
  4934 | D:4      | HP: 2/48 [something (6)]
  4935 | D:4      | Mangled by an orc wizard

Illustrated notes

Levels and vault maps discovered:
D:1:      dpeg_arrival_shrine, layout_loops_cross
D:2:      layout_loops_cross, serial_shops, shop_fountains, uniq_natasha
D:3:      layout_basic, zin_angel, uniq_ijyb
D:4:      layout_basic, lightli_temple_of_fire,
          minmay_temple_entry_from_below_a, uniq_grinder
D:5:      layout_cave_pools, nemelex_diamond_rough_becter, serial_shops,
          nicolae_shop_hallway_stairs, ebering_ghost_sewer_d,
          minmay_misc_feat_diagonals, corexii_corridor_pit, nrook_loot_triangle,
          minmay_fractal_squares_diagonal_5, uniq_duvessa, uniq_eustachio
D:6:      layout_rooms, grunt_temple_overflow_holy_war,
          chequers_temple_overflow_minitemple
Temple:   jpeg_temple_alley_garden

Skill      XL: |  1  2  3  4  5  6  7 |
---------------+----------------------+-----
Axes           | 2 3 4 5 |  5.5
Armour         | 3 4 |  4.7
Shields        | 3 4 |  4.0
Fighting       | 4 |  4.3
Throwing       | |  0.1
Dodging        | |  0.9

Action                   |  1- 3 |  4- 6 |  7- 9 || total
-------------------------+-------+-------+-------++-------
Melee: War axe           |   131 |   149 |    95 ||   375
       Unarmed           |       |     2 |       ||     2
Throw: Stone             |       |       |     5 ||     5
  Use: Scroll            |       |     6 |     2 ||     8
       Potion            |       |     3 |     1 ||     4
Armor: Scale mail        |    55 |    31 |       ||    86
       Chain mail        |       |    22 |    60 ||    82
       Skin              |       |     2 |       ||     2
Dodge: Dodged            |    67 |    75 |    54 ||   196
Block: Buckler           |    32 |    40 |    32 ||   104

Table legend: (Time is in decaauts)
 A = Elapsed time spent in this place.
 B = Non-inter-level travel time spent in this place.
 C = Inter-level travel time spent in this place.
 D = Time resting spent in this place.
 E = Time spent auto-exploring this place.
 F = Levels seen in this place.
 G = Mean time per level.
                   A        B        C        D        E       F      G
               +--------+--------+--------+--------+--------+-----+--------+
         Total |   5097 |   4990 |    107 |    386 |   2617 |   7 |  728.1 |
       Dungeon |   4826 |   4719 |    107 |    386 |   2426 |   6 |  804.3 |
        Temple |    270 |    270 |      0 |      0 |    191 |   1 |  270.0 |
               +--------+--------+--------+--------+--------+-----+--------+

Top non-repeatable levels by time:
     D:4: 1409 daAuts
     D:3: 1205 daAuts
     D:2: 1053 daAuts
     D:1: 937 daAuts
  Temple: 270 daAuts
     D:5: 194 daAuts
     D:6: 25 daAuts
